 Dungeon Crawl Stone Soup version 0.25-a0-875-geaba134f46 (webtiles) character file.

Game seed: 9013502432218491037, levelgen mode: classic

331 Amnesiac the Chiller (level 6, -1/32 HPs)
             Began as a Deep Elf Ice Elementalist on May 1, 2020.
             Slain by a centaur (2 damage)
             ... on level 5 of the Dungeon.
             The game lasted 00:04:38 (1461 turns).

Amnesiac the Chiller (Deep Elf Ice Elementalist)    Turns: 1461, Time: 00:04:39

Health: -1/32      AC:  5    Str:  5    XL:     6   Next: 26%
Magic:  8/15       EV: 12    Int: 22    God:
Gold:   203        SH:  6    Dex: 15    Spells: 4/15 levels left

rFire    . . .     SeeInvis .   a - +1 dagger (protect)
rCold    . . .     Gourm    .   j - +2 buckler {AC+3}
rNeg     . . .     Faith    .   i - +0 robe
rPois    .         Spirit   .   (no helmet)
rElec    .         Reflect  .   (no cloak)
rCorr    .         Harm     .   (no gloves)
MR       .....                  (no boots)
Stlth    ++........             (no amulet)
HPRegen  0.10/turn              (no ring)
MPRegen  0.14/turn              (no ring)

@: frozen ramparts
A: no striking features
a: no special abilities


You were on level 5 of the Dungeon.
You were not hungry.

You visited 1 branch of the dungeon, and saw 5 of its levels.
You also visited: Sewer.

You collected 203 gold pieces.

Inventory:

Hand Weapons
 a - a +1 dagger of protection (weapon)
Armour
 i - a +0 robe (worn)
 j - a +2 buckler of protection (worn)
Jewellery
 m - an uncursed ring of teleportation
 p - the ring "Xaskilaq" {*Drain rF+ Str+4 Dex+2, unknown}
   (You found it in a sewer)

   [ring of protection from fire]

   It affects your strength (+4).
   It affects your dexterity (+2).
   It protects you from fire.
   It causes draining when unequipped.
 v - an uncursed ring of protection from cold {unknown}
Scrolls
 e - a scroll of remove curse {!r}
 k - a scroll of fear {!r, unknown}
 l - a scroll of magic mapping {!r, unknown}
 o - 3 scrolls of random uselessness {!r, unknown}
 r - a scroll of blinking {!r, unknown}
 t - a scroll of enchant weapon {!r, unknown}
 u - a scroll of amnesia {!r, unknown}
Potions
 b - 2 potions of cancellation {!q, unknown}
 d - 2 potions of curing {!q, unknown}
 g - 2 potions of haste {!q, unknown}
 h - a potion of heal wounds {!q}
 n - a potion of invisibility {!q, unknown}
 s - a potion of might {!q, unknown}
Miscellaneous
 q - a box of beasts
Comestibles
 c - 12 rations


   Skills:
 - Level 2.4 Dodging
 - Level 2.4 Stealth
 + Level 2.1 Shields
 + Level 5.2 Spellcasting
 * Level 6.7 Ice Magic


You had 4 spell levels left.
You knew the following spells:

 Your Spells              Type           Power        Failure   Level  Hunger
a - Freeze                Ice            ####         1%          1    None
b - Frozen Ramparts       Ice            #####.       2%          3    ##.....
c - Summon Ice Beast      Ice/Summ       ###.....     30%         4    ####...
z - Ozocubu's Armour      Chrm/Ice       ###.....     10%         3    ##.....

Your spell library contained the following spells:

 Spells                   Type           Power        Failure   Level  Hunger
 Hailstorm                Conj/Ice       ###.....     30%         4    ####...


Dungeon Overview and Level Annotations

Branches:
Dungeon (5/15)              Sewer (visited)
 Temple: D:4-7

Altars:


Message History

The centaur shouts! x2
The centaur wields a +0 shortbow.
The centaur shoots an arrow.
The arrow misses you.
The centaur wields a +0 shortbow.
The centaur shoots an arrow.
The arrow hits you!
You see here an arrow.
Casting: Frozen Ramparts (dangerous; 3% risk of failure)
Confirm with . or Enter, or press ? or * to list all spells.
The walls around you are covered in ice.
The wall freezes the centaur.
The centaur shoots an arrow.
The arrow hits you.
The centaur shoots an arrow.
The arrow misses you.
The wall freezes the centaur.
The centaur unwields a +0 shortbow.
The centaur hits you.
The centaur shoots an arrow.
The arrow completely misses you.
The centaur shoots an arrow.
The arrow barely misses you.
The wall freezes the centaur.
The centaur hits you but does no damage.
You see here 2 arrows.
You hit the centaur but do no damage.
Your weapon exudes an aura of protection.
The centaur is heavily wounded.
The wall freezes the centaur.
You block the centaur's attack.
The centaur shoots an arrow.
The arrow hits you.
* * * LOW HITPOINT WARNING * * *
You hit the centaur.
The centaur is severely wounded.
The wall freezes the centaur.
The centaur hits you but does no damage.
The centaur shoots an arrow.
You block the arrow.
The wall freezes the centaur.
You kill the centaur!
Your Spellcasting skill increases to level 5!
You have reached level 6!
Your experience leads to an increase in your attributes!
Increase (S)trength, (I)ntelligence, or (D)exterity?
You feel clever.
The centaur shoots an arrow.
The arrow hits you.
* * * LOW HITPOINT WARNING * * *
You see here 2 arrows.
The centaur shoots an arrow.
The arrow completely misses you.
You see here an arrow.
The wall freezes the centaur.
The centaur unwields a +0 shortbow.
The centaur hits you!
* * * LOW HITPOINT WARNING * * *
You see here an arrow.
You hit the centaur but do no damage.
Your weapon exudes an aura of protection.
The centaur is moderately wounded.
The frozen ramparts melt away.
The centaur closely misses you. The centaur barely misses you.
Unknown command.
Casting: Frozen Ramparts (dangerous; 2% risk of failure)
Confirm with . or Enter, or press ? or * to list all spells.
The walls around you are covered in ice.
The wall freezes the centaur.
The centaur hits you.
* * * LOW HITPOINT WARNING * * *
Unknown command.
Unknown command.
Casting: Frozen Ramparts (dangerous; 2% risk of failure)
Confirm with . or Enter, or press ? or * to list all spells.
Aiming: Freeze (safe; 1% risk of failure)
Press: ? - help, Shift-Dir - straight line, f - centaur
Aim: a centaur, quivering 5 arrows (moderately wounded)
You freeze the centaur.
The centaur is severely wounded.
The wall freezes the centaur.
The centaur hits you.
You die...

#..<.....#
#.######...
#.# #.####
#.##(.
#.##.#
#.##.#
#.#.#c####
..###..@..#
#.#
#.#(##.# #.
#.##(# .# #
#. #)# .# #
#.# .# #.#
.# #.. ..
##. .. .


You could see a centaur.

Vanquished Creatures
  A centaur (D:5)
  A crocodile (Sewer)
  A hound (D:4)
  An orc wizard (D:3)
  2 worker ants (D:4)
  A hound skeleton (D:5)
  An adder (D:4)
  A worm (D:4)
  A dart slug (D:2)
  A leopard gecko (D:3)
  4 orcs (D:3)
  6 giant cockroaches
  2 goblins (D:1)
  A hobgoblin (D:1)
  2 jackals (Sewer)
  2 quokkas
  3 bats
  3 frilled lizards
  7 kobolds
  6 rats
47 creatures vanquished.

Notes
Turn   | Place    | Note
-------+----------+-------------------------------------------
     0 | D:1      | Amnesiac the Deep Elf Ice Elementalist began the quest for
                  | the Orb.
     0 | D:1      | Reached XP level 1. HP: 10/10 MP: 6/6
   211 | D:1      | Reached XP level 2. HP: 14/15 MP: 5/8
   417 | D:3      | Found a glowing drain.
   419 | D:3      | Reached skill level 5 in Ice Magic
   605 | Sewer    | Entered a sewer
   617 | Sewer    | Reached XP level 3. HP: 19/19 MP: 6/10
   625 | Sewer    | Learned a level 3 spell: Frozen Ramparts
   629 | Sewer    | Learned a level 3 spell: Ozocubu's Armour
   787 | Sewer    | Noticed a crocodile
   803 | Sewer    | Killed a crocodile
   803 | Sewer    | Reached skill level 1 in Shields
   803 | Sewer    | Reached XP level 4. HP: 24/24 MP: 4/12
   828 | Sewer    | Got a shimmering iron ring
   960 | D:4      | Learned a level 4 spell: Summon Ice Beast
  1010 | D:3      | Reached skill level 6 in Ice Magic
  1010 | D:3      | Reached XP level 5. HP: 28/28 MP: 7/13
  1429 | D:5      | Entered Level 5 of the Dungeon
  1449 | D:5      | Noticed a centaur
  1449 | D:5      | Noticed a centaur
  1454 | D:5      | Killed a centaur
  1454 | D:5      | Reached skill level 5 in Spellcasting
  1454 | D:5      | Reached XP level 6. HP: 15/32 MP: 11/15
  1460 | D:5      | HP: 1/32 [centaur (4)]
  1461 | D:5      | Slain by a centaur

Levels and vault maps discovered:
D:1:      kilobyte_arrival_exit_the_forest, layout_basic
D:2:      layout_basic
D:3:      layout_loops_cross, chequers_ecumenical_altar_simple_redux,
          portal_sewer_entry_f, uniq_crazy_yiuf_cottage
D:4:      layout_rooms, first_ration, minmay_diced_spiral
D:5:      layout_loops_ring, uniq_grinder, uniq_sigmund

Skill      XL: |  1  2  3  4  5 |
---------------+----------------+-----
Ice Magic      | 5 6 |  6.7
Shields        | 1 2 |  2.1
Spellcasting   | 4 5 |  5.2
Dodging        | |  2.4
Stealth        | |  2.4

Action                   |  1- 3 |  4- 6 || total
-------------------------+-------+-------++-------
Melee: Whip              |     2 |       ||     2
       Dagger            |       |    27 ||    27
 Cast: Freeze            |    43 |     7 ||    50
       Frozen Ramparts   |     1 |     7 ||     8
  Use: Scroll            |     3 |       ||     3
  Eat: Chunk             |       |     2 ||     2
Armor: Robe              |     6 |    10 ||    16
Dodge: Dodged            |    28 |    21 ||    49
Block: Buckler           |       |     7 ||     7

Table legend:
 A = Non-vault XP
 B = Vault XP
 C = Vault XP percentage of total XP
 D = Non-vault monster count
 E = Vault monster count
 F = Vault count percentage of total count
                 A         B        C        D         E       F
            +---------+---------+-------+---------+---------+-------
      Total |     330 |     143 |  30.2 |      34 |      13 |  27.7
            +---------+---------+-------+---------+---------+-------
        D:1 |      12 |       0 |   0.0 |       9 |       0 |   0.0
        D:2 |       6 |       0 |   0.0 |       3 |       0 |   0.0
        D:3 |      70 |       8 |  10.3 |      15 |       4 |  21.1
        D:4 |     111 |      20 |  15.3 |       5 |       3 |  37.5
        D:5 |     131 |       0 |   0.0 |       2 |       0 |   0.0
      Sewer |       0 |     115 | 100.0 |       0 |       6 | 100.0
            +---------+---------+-------+---------+---------+-------
